 Dungeon Crawl Stone Soup version 0.30-a0-830-gfe289a77b0 (webtiles) character file.

Game seed: 14382747062996498377

89 arthad the Insei (level 4, -1/51 HPs)
             Began as a Djinni Transmuter on Mar 1, 2023.
             Slain by a gnoll
             ... wielding a +1 halberd of venom
              (8 damage)
             ... on level 2 of the Dungeon.
             The game lasted 00:03:07 (1673 turns).

arthad the Insei (Djinni Transmuter)                Turns: 1673, Time: 00:03:08

Health: -1/51      AC: 22    Str:  8    XL:     4   Next: 84%
Gold:   56         EV:  2    Int: 15    God:
                   SH:  0    Dex: 18

rFire   . . .      SeeInvis +      - Unarmed
rCold   . . .      Faith    .    (no shield)
rNeg    . . .      Spirit   .    (body armour currently unavailable)
rPois   ∞          Reflect  .    (helmet currently unavailable)
rElec   .          Harm     .    (cloak currently unavailable)
rCorr   .          Rampage  .    (gloves currently unavailable)
Will    .....      NoTele   +    (boots unavailable)
Stlth   ++                       (no amulet)
HPRegen 0.28/turn                (no ring)
MPRegen 0.00/turn                (no ring)

@: tree-form
A: stationary, stasis, torment immunity, boosted hp, sickness immunity, (fire
resistance 2), (cold vulnerability 1), float, innate caster, HP casting, extra
vitality 1, (horns 1), see invisible, agile 1
a: no special abilities


You were on level 2 of the Dungeon.
You were a tree.
You visited 1 branch of the dungeon, and saw 2 of its levels.

You collected 56 gold pieces.

Inventory:

Armour
 a - a +0 robe (melded)
Jewellery
 c - a ring of magical power
Scrolls
 e - 3 scrolls of teleportation
 f - a scroll of blinking {unknown}
 g - a scroll of noise {unknown}
 i - a scroll of enchant armour {unknown}


   Skills:
 * Level 2.4 Fighting
 + Level 2.9 Dodging
 + Level 3.4 Unarmed Combat
 * Level 2.3 Spellcasting


You knew the following spells:

 Your Spells              Type           Power      Damage    Failure   Level
a - Beastly Appendage     Tmut           16%        N/A       9%          1
b - Wereblood             Tmut           8%         N/A       12%         2
c - Spider Form           Tmut/Pois      8%         N/A       24%         3
d - Ice Form              Ice/Tmut       8%         N/A       63%         4
e - Magic Dart            Conj           32%        1d4       9%          1
Your spell library was empty.

Dungeon Overview and Level Annotations

Branches:
Dungeon (2/15)

Altars:


Innate Abilities, Weirdness & Mutations

You are a tree.
Your roots penetrate the ground, keeping you stationary.
You cannot be teleported.
You are immune to unholy pain and torment.
Your maximum health is greatly increased.
Your equipment is partially melded.
You are immune to sickness and miasma.
You are immune to poison.
((Your flesh is very heat resistant. (rF++)))
((You are vulnerable to cold. (rC-)))
You float through the air rather than walking.
You learn spells naturally, not from books.
Your magical power is your life essence.
You have superior vitality. (+4 MHP)
((You have a pair of small horns on your head.))
You have supernaturally acute eyesight. (SInv)
You are agile. (Dex +4, Str/Int -1)


Message History

You barely miss the gnoll. You headbutt the gnoll.
You kill the gnoll!
The adder misses you.
Casting: Beastly Appendage (safe; 8% risk of failure)
Confirm with . or Enter, or press ? or * to list all spells.
Okay, then.
It was a potion of mutation.
You feel extremely strange.
You feel agile.
Your vision sharpens.
The horns on your head grow some more. The adder bites you.
* * * LOW HITPOINT WARNING * * *
You barely miss the adder. Your punch misses the adder.
Your horns shrink.
The adder bites you.
* * * LOW HITPOINT WARNING * * *
A gnoll comes into view. It is wielding a +1 halberd of venom.
Really quaff the potion of lignification?
You turn into a tree.
Your +0 robe melds into your body.
Your roots penetrate the ground.
The adder barely misses you. x2
You closely miss the adder. The adder bites you but does no damage.
You barely miss the adder.
The gnoll shouts!
The adder bites you but does no damage.
You barely miss the adder. The adder bites you but does no damage.
The gnoll hits you but does no damage.
You hit the adder.
The adder is heavily wounded.
The adder bites you but does no damage. The gnoll hits you but does no damage.
You barely miss the adder.
The adder is heavily wounded.
The adder bites you but does no damage. x2
You smack the adder!
You kill the adder!
The gnoll hits you from afar with a +1 halberd of venom!
* * * LOW HITPOINT WARNING * * *
You cannot move.
As you read the scroll labelled JURENU REIRIMP, it crumbles to dust.
It is a scroll of identify.
e - 3 scrolls of teleportation The gnoll hits you from afar with a +1 halberd of venom!
You die...

## ##.....## .#
##.......#########
.###................#
...)..........###.#.#
.###..........###)# #
.# ##.......#.#...#
.# ##.....##>#.#.# .#
##...###.#...# ##
#'### #.##♣## ### ...
#....)g.# ..# ..
####.#### #.# #.. ..#
#.. ..'.. .... ..#..
#... ..# ##.## ..#


You could see a gnoll.

Vanquished Creatures
  Jessica (D:2)
  2 gnolls (D:2)
  2 adders (D:2)
  2 bats (D:1)
  2 goblins (D:1)
  6 hobgoblins
  2 quokkas (D:1)
  2 ball pythons (D:2)
  3 frilled lizards (D:1)
  3 kobolds
  5 rats
30 creatures vanquished.

Vanquished Creatures (others)
  A withered plant (D:1)
1 creature vanquished.

Grand Total: 31 creatures vanquished

Notes
Turn   | Place    | Note
-------+----------+-------------------------------------------
     0 | D:1      | arthad the Djinni Transmuter began the quest for the Orb.
     0 | D:1      | arthad set off with the following spells memorised: Beastly
                  | Appendage, Wereblood, Spider Form, Ice Form.
     0 | D:1      | Reached XP level 1. HP: 17/17 MP: 0/0
   117 | D:1      | Reached XP level 2. HP: 18/22 MP: 0/0
   214 | D:1      | Found a faded altar of an unknown god.
   544 | D:1      | Reached XP level 3. HP: 18/28 MP: 0/0
   544 | D:1      | Learned a level 1 spell: Magic Dart
  1065 | D:2      | Noticed Jessica
  1080 | D:2      | Killed Jessica
  1273 | D:2      | Reached XP level 4. HP: 22/33 MP: 0/0
  1664 | D:2      | Gained mutation: You are agile. (Dex +4, Str/Int -1)
                  | [potion of mutation]
  1664 | D:2      | Gained mutation: You have supernaturally acute eyesight.
                  | (SInv) [potion of mutation]
  1664 | D:2      | Gained mutation: You have a pair of large horns on your
                  | head. [potion of mutation]
  1673 | D:2      | Slain by a gnoll

Illustrated notes

Levels and vault maps discovered:
D:1:      dpeg_arrival_shelter, layout_loops_ring,
          ebering_ecumenical_altar_petrified, nicolae_figureground_pulse
D:2:      layout_loops_corners, minivault_26, minivault_25,
          kennysheep_generic_room_8, uniq_crazy_yiuf_cottage, uniq_jessica

Skill      XL: |  1  2  3 |
---------------+----------+-----
Fighting       | 2 |  2.4
Spellcasting   | 2 |  2.3
Dodging        | |  2.9
Unarmed Combat | |  3.4

Action                     |  1- 3 |  4- 6 || total
---------------------------+-------+-------++-------
  Melee: Unarmed           |    84 |    39 ||   123
         Headbutt          |     6 |     8 ||    14
         Punch             |     4 |     1 ||     5
   Cast: Beastly Appendage |    10 |     5 ||    15
         Spider Form       |     1 |       ||     1
    Use: Potion            |       |     2 ||     2
         Scroll            |       |     1 ||     1
   Stab: Sleeping          |     1 |     1 ||     2
 Armour: Robe              |    11 |     2 ||    13
         Skin              |       |     8 ||     8
  Dodge: Dodged            |    45 |    24 ||    69

Table legend: (Time is in decaauts)
 A = Elapsed time spent in this place.
 B = Non-inter-level travel time spent in this place.
 C = Inter-level travel time spent in this place.
 D = Time resting spent in this place.
 E = Time spent auto-exploring this place.
 F = Levels seen in this place.
 G = Mean time per level.
                   A        B        C        D        E       F      G
               +--------+--------+--------+--------+--------+-----+--------+
         Total |   1666 |   1621 |     45 |    324 |   1062 |   2 |  833.0 |
       Dungeon |   1666 |   1621 |     45 |    324 |   1062 |   2 |  833.0 |
               +--------+--------+--------+--------+--------+-----+--------+

Top non-repeatable levels by time:
     D:1: 910 daAuts
     D:2: 755 daAuts
